 Dungeon Crawl Stone Soup version 0.30.1-11-g7821555f0a (webtiles) character file.

Game seed: 13076573771165455329

942560 PlayingRandomsOnly the Intangible (level 27, -4/159 HPs)
             Began as a Spriggan Berserker on Dec 23, 2023.
             Was a High Priest of Zin.
             Slain by a quicksilver dragon simulacrum (5 damage)
             ... on level 7 of Cocytus on Dec 26, 2023.
             The game lasted 18:21:34 (114557 turns).

PlayingRandomsOnly the Intangible (SpBe)          Turns: 114557, Time: 18:21:35

Health: -4/159     AC: 34    Str: 28    XL:     27
Magic:  5/14       EV: 56    Int: 22    God:    Zin [*****.]
Gold:   626        SH:  5    Dex: 40    Spells: 25/54 levels left

rFire   + + .        V - +13 double sword of the Shrike {antimagic, rN+}
rCold   + + +        (shield currently unavailable)
rNeg    + + +        w - +11 shadow dragon scales
rPois   ∞            X - +0 hat of Hun Coir {rF+ Str+3}
rElec   .            a - +1 cloak {Stlth+}
rCorr   .            (gloves unavailable)
SInv    +            (boots unavailable)
Will    ++++.        y - amulet "Reneuv" {Reflect rC+++ Int+7 SH+5}
Stlth   +++++++      O - ring of the Devil's Team {rF+ rC+ Dex+6}
HPRegen 0.46/turn    D - ring "Cuegus" {rPois rC- rN+++ Str+6 SInv}
MPRegen 0.14/turn

%: reflection
@: vitalised, about to teleport, studying 2 skills, unable to drink, slow
A: very small, no large weapons, unfitting armour, see invisible, speed 3
}: 10/15 runes: decaying, slimy, silver, abyssal, demonic, glowing, magical,
fiery, dark, gossamer
a: Renounce Religion, Recite, Vitalisation, Imprison, Sanctuary, Donate Gold


You were on level 7 of Cocytus.
You worshipped Zin.
Zin was extremely pleased with you.
You visited 13 branches of the dungeon, and saw 60 of its levels.
You visited Pandemonium 1 time, and saw 18 of its levels.
You visited the Abyss 1 time.
You also visited: Trove, Bailey, Gauntlet, Ice Cave and Wizlab.

You collected 13033 gold pieces.
You spent 7094 gold pieces at shops.
You donated 5313 gold pieces to Zin.

Inventory:

Hand Weapons
 V - the +13 double sword of the Shrike (weapon) {antimagic, rN+}
   (Trog gifted it to you on level 4 of the Spider Nest)

   rN:        It protects you from negative energy.
 Z - the +7 captain's cutlass {speed, disarm}
   (You found it on level 5 of the Pits of Slime)
Missiles
 d - 25 boomerangs (quivered)
 s - 3 datura-tipped darts
 F - 4 throwing nets
 N - 5 silver boomerangs
Armour
 a - a +1 cloak of stealth (worn)
 t - an orb of mayhem
 w - +11 shadow dragon scales (worn)
 X - the +0 hat of Hun Coir (worn) {rF+ Str+3}
   (You acquired it in Pandemonium)

   Str:       It affects your strength (+3).
   rF:        It protects you from fire.
Jewellery
 b - the amulet "Pivec" {rF+++ rC- Will++ Regen+ Stlth-}
   (You found it in a treasure trove)

   [amulet of regeneration]

   rF:        It renders you almost immune to fire.
   rC:        It makes you vulnerable to cold.
   Regen:     It increases your rate of health regeneration.
   Will:      It greatly increases your willpower.
   Stlth:     It makes you less stealthy.
 f - the ring "Ciliwkul" {rElec AC+4 Str+3}
   (You found it in a treasure trove)

   [ring of protection]

   AC:        It affects your AC (+4).
   Str:       It affects your strength (+3).
   rElec:     It insulates you from electricity.
 l - the ring "Qosch" {Ice +Blink rElec Int+2}
   (You took it off Josephina on level 4 of the Realm of Zot)

   [ring of ice]

   It enhances your ice magic.
   Int:       It affects your intelligence (+2).
   rF:        It makes you vulnerable to fire.
   rC:        It protects you from cold.
   rElec:     It insulates you from electricity.
   +Blink:    It lets you blink.
 m - the ring "Yhaday" {Wiz rN+++ Str-4 Int+2 Dex-3}
   (You found it in Pandemonium)

   [ring of wizardry]

   It improves your spell success rate.
   Str:       It affects your strength (-4).
   Int:       It affects your intelligence (+2).
   Dex:       It affects your dexterity (-3).
   rN:        It renders you almost immune to negative energy.
 y - the amulet "Reneuv" (around neck) {Reflect rC+++ Int+7 SH+5}
   (You found it in a treasure trove)

   [amulet of reflection]

   It reflects blocked missile attacks.
   Int:       It affects your intelligence (+7).
   rC:        It renders you almost immune to cold.
   SH:        It affects your SH (+5).
 D - the ring "Cuegus" (right hand) {rPois rC- rN+++ Str+6 SInv}
   (You bought it in a shop on level 1 of the Elven Halls)

   [ring of strength]

   Str:       It affects your strength (+6).
   rC:        It makes you vulnerable to cold.
   rPois:     It protects you from poison.
   rN:        It renders you almost immune to negative energy.
   SInv:      It lets you see invisible.
 G - the ring of Qazlal's Whim {rPois rCorr}
   (You took it off a deep elf zephyrmancer on level 3 of the Elven Halls)

   [ring of poison resistance]

   rPois:     It protects you from poison.
   rCorr:     It protects you from acid and corrosion.
 O - the ring of the Devil's Team (left hand) {rF+ rC+ Dex+6}
   (You bought it in a shop on level 2 of the Orcish Mines)

   [ring of dexterity]

   Dex:       It affects your dexterity (+6).
   rF:        It protects you from fire.
   rC:        It protects you from cold.
 T - the ring of Kufus {Ice +Blink SInv}
   (You found it on level 2 of the Spider Nest)

   [ring of ice]

   It enhances your ice magic.
   rF:        It makes you vulnerable to fire.
   rC:        It protects you from cold.
   SInv:      It lets you see invisible.
   +Blink:    It lets you blink.
 U - the ring "Figaty" {rF+ rC++ rN+}
   (You found it in Pandemonium)

   [ring of positive energy]

   rF:        It protects you from fire.
   rC:        It greatly protects you from cold.
   rN:        It protects you from negative energy.
Wands
 n - a wand of light (10)
 r - a wand of iceblast (23)
 I - a wand of digging (35)
 J - a wand of paralysis (66)
 P - a wand of flame (124)
 R - a wand of mindburst (18)
Scrolls
 i - 40 scrolls of teleportation
 j - 8 scrolls of fear
 o - 4 scrolls of silence
 p - 16 scrolls of vulnerability
 v - 3 scrolls of enchant weapon
 x - 8 scrolls of poison
 K - 6 scrolls of immolation
 L - 10 scrolls of fog
 W - 5 scrolls of magic mapping
 Y - a scroll of summoning
Potions
 c - 3 potions of heal wounds
 e - 18 potions of curing
 g - 3 potions of berserk rage
 h - 6 potions of resistance
 k - 5 potions of cancellation
 q - a potion of brilliance
 u - 9 potions of flight
 z - 6 potions of might
 A - 6 potions of magic
 B - 4 potions of invisibility
 H - 6 potions of haste
 S - a potion of ambrosia
Miscellaneous
 E - a lightning rod (4/4)
 M - a phial of floods
 Q - a phantom mirror (inert)


   Skills:
 + Level 21.0 Fighting
 - Level 11.6(19.2) Short Blades
 + Level 19.0(19.7) Long Blades
 - Level 12.1 Throwing
 + Level 18.8 Armour
 O Level 27 Dodging
 O Level 27 Stealth
 + Level 14.0 Spellcasting
 + Level 8.1 Summonings
 - Level 13.5 Translocations
 - Level 5.6 Transmutations
 + Level 4.6 Air Magic
 + Level 3.4 Earth Magic
 - Level 18.5 Invocations
 - Level 20.0 Evocations


You had 25 spell levels left.
You knew the following spells:

 Your Spells              Type           Power      Damage    Failure   Level
a - Blink                 Tloc           100%       N/A       1%          2
b - Lesser Beckoning      Tloc           100%       N/A       1%          2
c - Passwall              Tmut/Erth      29%        N/A       2%          2
d - Passage of Golubria   Tloc           66%        N/A       1%          4
e - Swiftness             Air            35%        N/A       5%          3
f - Vhi's Electric Charg  Tloc/Air       100%       N/A       1%          3
g - Manifold Assault      Tloc           66%        N/A       1%          4
h - Animate Armour        Summ/Erth      80%        N/A       11%         4
i - Summon Forest         Summ/Tloc      29%        N/A       3%          5

Your spell library contained the following spells:

 Spells                   Type           Power      Damage    Failure   Level
 Apportation              Tloc           100%       N/A       1%          1
 Summon Small Mammal      Summ           100%       N/A       1%          1
 Wereblood                Tmut           40%        N/A       1%          2
 Call Canine Familiar     Summ           50%        N/A       1%          3
 Gell's Gravitas          Tloc           66%        N/A       1%          3
 Teleport Other           Tloc           66%        N/A       1%          3
 Portal Projectile        Hex/Tloc       90%        N/A       2%          3
 Volatile Blastmotes      Fire/Tloc      90%        2d17      2%          3
 Sandblast                Erth           60%        2d14      3%          1
 Sting                    Tmut/Pois      100%       1d8       3%          1
 Shock                    Conj/Air       100%       1d9       4%          1
 Poisonous Vapours        Pois/Air       50%        N/A       7%          2
 Summon Guardian Golem    Hex/Summ       33%        N/A       7%          3
 Dispersal                Tloc           33%        N/A       7%          6
 Iskenderun's Mystic Bla  Conj/Tloc      45%        2d10      8%          4
 Summon Lightning Spire   Summ/Air       43%        N/A       9%          4
 Cigotuvi's Dreadful Rot  Necr/Pois/Air  44%        N/A       10%         2
 Spider Form              Tmut/Pois      27%        N/A       11%         3
 Foxfire                  Conj/Fire      60%        2x1d7     12%         1
 Freeze                   Ice            60%        1d7       12%         1
 Kiss of Death            Conj/Necr      60%        2d10      12%         1
 Necrotise                Necr           60%        1d7       12%         1
 Ignite Poison            Fire/Tmut/Pois 23%        N/A       17%         3
 Airstrike                Air            17%        2d(3-19)  17%         4
 Ensorcelled Hibernation  Hex/Ice        30%        N/A       19%         2
 Stone Arrow              Conj/Erth      46%        3d9       19%         3
 Petrify                  Tmut/Erth      35%        N/A       19%         4
 Summon Ice Beast         Ice/Summ       33%        N/A       22%         4
 Confusing Touch          Hex            15%        N/A       34%         3
 Dazzling Flash           Conj/Hex       30%        N/A       34%         3
 Frozen Ramparts          Ice            30%        1d5       34%         3
 Hailstorm                Conj/Ice       15%        3d5       34%         3
 Ozocubu's Armour         Ice            15%        N/A       34%         3
 Tukima's Dance           Hex            15%        N/A       34%         3
 Vampiric Draining        Necr           15%        2d7       34%         3
 Ice Form                 Ice/Tmut       27%        N/A       36%         4
 Leda's Liquefaction      Hex/Erth       11%        N/A       52%         4
 Summon Mana Viper        Hex/Summ       33%        N/A       54%         5
 Alistair's Intoxication  Tmut/Pois      18%        N/A       71%         5
 Yara's Violent Unravell  Hex/Tmut       13%        3d7       71%         5
 Anguish                  Hex/Necr       7%         N/A       75%         4
 Dispel Undead            Necr           15%        3d10      75%         4
 Olgreb's Toxic Radiance  Pois           15%        N/A       75%         4
 Sticky Flame             Conj/Fire      15%        2d4       75%         4
 Malign Gateway           Summ/Tloc      29%        N/A       75%         7
 Statue Form              Tmut/Erth      23%        N/A       96%         6
 Fireball                 Conj/Fire      7%         3d5       97%         5
 Iskenderun's Battlesphe  Conj           15%        2d7       97%         5
 Metabolic Englaciation   Hex/Ice        7%         N/A       97%         5
 Disjunction              Tloc           33%        N/A       97%         8
 Monstrous Menagerie      Summ           25%        N/A       98%         7
 Summon Hydra             Summ           25%        N/A       98%         7
 Eringya's Noxious Bog    Tmut/Pois      13%        N/A       99%         6
 Conjure Ball Lightning   Conj/Air       12%        3x3d6     100%        6
 Death Channel            Necr           7%         N/A       100%        6
 Iron Shot                Conj/Erth      11%        9d3       100%        6
 Simulacrum               Ice/Necr       7%         N/A       100%        6
 Starburst                Conj/Fire      7%         6d4       100%        6
 Orb of Destruction       Conj           7%         9d6       100%        7
 Ozocubu's Refrigeration  Ice            7%         4d9       100%        7
 Spellforged Servitor     Conj/Summ      16%        N/A       100%        7
 Storm Form               Tmut/Air       19%        N/A       100%        7
 Ignition                 Fire           7%         3d5       100%        8
 Lehudib's Crystal Spear  Conj/Erth      11%        10d4      100%        8
 Maxwell's Capacitive Co  Air            17%        ∞         100%        8
 Death's Door             Necr           7%         N/A       100%        9


Dungeon Overview and Level Annotations

Branches:
Dungeon (15/15)            Temple (0/1) D:4            Lair (5/5) D:11
  Swamp (4/4) Lair:3       Spider (4/4) Lair:2        Slime (5/5) Lair:5
    Orc (2/2) D:10            Elf (3/3) Orc:2        Vaults (5/5) D:13
  Crypt (1/3) Vaults:3     Depths (4/4) D:15           Hell (visited)
    Dis (0/7) Hell            Geh (0/7) Hell            Coc (7/7) Hell
    Tar (0/7) Hell            Zot (4/5) Depths:4     Bailey (visited)
  IceCv (visited)          WizLab (visited)         Gauntlet (visited)

Altars:
Ashenzari
Fedhas
Hepliaklqana
Kikubaaqudgha
Makhleb
Nemelex Xobeh
Qazlal
Ru
Sif Muna
Trog
Uskayaw
Wu Jian
Xom
Yredelemnul
Zin
The Shining One
Jiyva

Shops:
D:3 (*(*   D:4 =   D:8 (   D:10 (   D:14 =   Orc:2 *==(   Elf:1 =*((   Elf:3 [
Vaults:1 [=   Depths:1 *   Depths:4 *:

Portals:
Hell: Lair:5 Depths:1 Depths:2 Depths:3 Depths:4
Abyss: Depths:2 Depths:3
Pandemonium: Depths:2 Depths:3 Depths:4
Ziggurat: Depths:1

Annotations:
Coc:7 exclusion: ice statue


Innate Abilities, Weirdness & Mutations

You are very small and have problems with some larger weapons.
You are too small for most types of armour.
You have supernaturally acute eyesight. (SInv)
You cover ground extremely quickly. (Speed+++)


Message History

The tormentor grins madly.
The tormentor misses you. The tormentor completely misses you.
As you read the scroll of teleportation, it crumbles to dust.
You feel strangely unstable. The shard shrike completely misses you.
The tormentor hits you but does no damage.
The tormentor splashes around in the water.
Press: ? - help, v - describe, . - travel
Here: a shard shrike (blue smoke) Some shallow water.
Your unstable footing causes you to fumble your attack.
The quicksilver dragon simulacrum completely misses you.
The quicksilver dragon simulacrum barely misses you.
The tormentor completely misses you. x2
Press: ? - help, v - describe, . - travel Some shallow water.
There is a cloud of blue smoke here.
You slice the shard shrike!!
The shard shrike is moderately wounded.
The shard shrike completely misses you.
The quicksilver dragon simulacrum completely misses you. x2
The tormentor calls on the powers of darkness!
The shard shrike convulses!
Your body is wracked with pain!
* * * LOW HITPOINT WARNING * * *
Your unstable footing causes you to fumble your attack.
The shard shrike claws you but does no damage.
The quicksilver dragon simulacrum completely misses you. x2
The tormentor completely misses you.
The tormentor splashes around in the water.
Your unstable footing causes you to fumble your attack.
The quicksilver dragon simulacrum completely misses you. x2
The shard shrike completely misses you. The tormentor completely misses you.
The tormentor splashes around in the water.
You barely miss the shard shrike.
The shard shrike is heavily wounded.
The shard shrike completely misses you.
The quicksilver dragon simulacrum bites you!
* * * LOW HITPOINT WARNING * * *
The quicksilver dragon simulacrum freezes you.
You resist.
You die...

≈≈~~~~~~*
*~~~~~~,,~~~~,,,~~~~~
≈≈~~~~~~*
##≈≈≈≈~~~~≈≈≈~~,,~~~~~
≈≈~~~~~~**
#≈≈≈≈≈~~~≈≈≈≈~~~~~~~~~
Z≈~~~~~~~*
#≈≈≈≈≈~~≈≈≈≈≈~~~~~~~~~
≈≈~~~~~~~*
#≈≈≈≈≈~~≈≈≈≈≈~~~~~~~~~
≈≈~~~~~~~*
#≈≈≈≈≈~~≈≈≈≈≈~~~~~~~~~
≈~~~~~~~~*
#≈≈§≈§§§§≈≈≈≈~~~~~~~~~
~~~~~~~~~*
#≈≈§§2Z§§§≈≈≈~~~~~~~~~
~~~~~~~~~*
#≈≈§§@§§~≈≈≈≈~~~~~~~~~
~~~,,~~~~*
#≈≈§§§b2≈≈≈≈#~~~~~~~~~
~~~,,,~~~*
#≈≈§§§§§≈≈≈≈#*~~~~~~~~
~~~,,,~~~*
#≈≈≈≈≈~~≈≈≈≈#~~~~~~~~~
~~~,,,~~~*
#≈≈≈≈≈2~≈≈≈≈#~~~~~~~~~
~~,,,,~~**
#≈≈≈≈≈9~≈≈≈≈#~~~~~~~~~
~~,,,,~~*
#≈≈≈≈~~~≈≈≈≈#~~~~~,,~~
~~,,,~~~*
#≈≈≈~~..≈≈≈≈#~~~~,,,,~
~~,,,~~~*
*~~~~,,,~~~~*~~~,,,,,~


You could see a shard shrike, 2 tormentors and a quicksilver dragon simulacrum.

Vanquished Creatures
  Cerebov (Pan)
  the Royal Jelly (Slime:5)
  Gloorx Vloq (Pan)
  Mnoleg (Pan)
  Lom Lobon (Pan)
  2 ancient liches (Vaults:5)
  2 dread liches
  5 pandemonium lords (Pan)
  Josephina (Zot:4)
  5 shard shrikes
  2 Killer Klowns
  Saint Roka (Vaults:5)
  Bai Suzhen (Depths:1)
  4 caustic shrikes
  4 curse toes
  Jory (Vaults:3)
  Geryon (Hell)
  Nikola (Elf:3)
  8 golden dragons
  2 bone dragons
  the Enchantress (Depths:1)
  3 Brimstone Fiends (Pan)
  2 Tzitzimimeh (Pan)
  4 electric golems
  9 Ice Fiends
  17 tentacled monstrosities
  2 deep elf blademasters (Elf:3)
  5 titans
  2 Hell Sentinels (Pan)
  Asterion (Depths:2)
  13 liches
  3 walking earthen tomes (Depths:3)
  A walking frostbound tome (Depths:3)
  2 quicksilver dragons
  3 deep elf master archers (Elf:3)
  17 acid blobs
  9 death cobs
  26 Executioners (Pan)
  Gastronok (Lair:1)
  9 sphinxes
  3 ancient champions
  20 shadow dragons
  2 tentacled starspawn (Abyss:4)
  Kirke (Lair:5)
  Donald (Swamp:4)
  7 demonspawn warmongers (Pan)
  A thorn hunter (Swamp:4)
  10 tengu reavers
  14 storm dragons
  7 narguns
  The ghost of Usitroal the Severer, a journeyman MiFi of Okawaru (Depths:1)
  2 revenants
  13 azure jellies
  8 draconian monks
  A draconian knight (Zot:2)
  3 iron dragons
  27 rockslimes
  4 deep elf sorcerers
  6 emperor scorpions
  14 frost giants
  17 fire giants
  20 vault wardens
  The ghost of Bolleh the Thaumaturge, a journeyman GnSk of Makhleb (Spider:2)
  23 balrugs
  2 curse skulls (Pan)
  2 draconian scorchers (Zot:3)
  4 ghouls (Crypt:1)
  The ghost of kalagan the Eclecticist, an adept DECj of Sif Muna (Elf:3)
  2 deep elf elementalists (Elf:3)
  3 shard shrike simulacra
  A juggernaut zombie (Crypt:1)
  10 ghost moths
  3 demonspawn blood saints (Pan)
  7 draconian shifters
  20 cacodemons (Pan)
  6 draconian annihilators
  17 ironbound preservers
  5 draconian stormcallers
  33 very ugly things
  4 broodmothers
  5 spriggan defenders
  A caustic shrike skeleton (Hell)
  6 war gargoyles
  8 quicksilver oozes
  12 black draconians
  13 ironbound thunderhulks
  24 reapers
  5 demonspawn corrupters (Pan)
  34 stone giants
  12 elemental wellsprings
  9 vampire knights
  4 demonspawn black suns (Pan)
  5 deep elf demonologists
  5 green draconians
  7 wendigos
  5 yellow draconians
  5 deep elf annihilators
  7 eleionomae
  8 lorocyprocas (Pan)
  8 purple draconians
  4 spark wasps
  5 white draconians
  7 red draconians
  11 dire elephants
  2 eidola (Crypt:1)
  17 green deaths
  9 deep elf death magi
  A bunyip (Swamp:3)
  A mummy priest (Hell)
  10 ettins
  20 blizzard demons
  2 merfolk javelineers (Depths:2)
  15 jiangshi
  4 shambling mangroves
  13 yaktaur captains
  A merfolk impaler (Depths:3)
  2 crystal guardians
  12 fire dragons
  8 great orbs of eyes
  33 vault guards
  A quicksilver dragon zombie (Hell)
  The ghost of bimbombam the Brawler, a journeyman TrFi of Wu Jian (Lair:2)
  The ghost of Purph the Cleaver, a journeyman MiBe of Trog (Lair:1)
  12 ice dragons
  7 entropy weavers
  Fannar (Lair:1)
  12 rakshasas
  5 spriggan zombies
  9 peacekeepers
  9 deep elf high priests
  25 hydras
  3 caustic shrike simulacra
  A ghost crab (Swamp:3)
  6 spriggan air magi
  3 jorogumos
  4 hell beasts
  7 ogre magi
  3 juggernaut simulacra
  A catoblepas (Lair:5)
  2 death knights
  27 two-headed ogres
  13 ironbound frosthearts
  8 centaur warriors
  5 death yaks (Lair:5)
  A death scarab (Spider:4)
  5 alligators
  3 spriggan skeletons
  5 boulder beetles
  8 deep troll earth magi
  2 radroaches
  37 dancing weapons
  5 deep troll shamans
  2 hell hogs
  5 vampire magi
  3 orc high priests
  7 hell knights
  4 spriggan berserkers
  16 deep elf knights
  3 thrashing horrors
  6 shock serpents (Zot:1)
  86 sun demons
  2 storm dragon zombies (Hell)
  36 soul eaters
  5 pharaoh ants
  3 sun moths
  3 skysharks
  15 spriggans
  22 sixfirhies
  6 iron trolls
  8 shadow wraiths
  Amaemon (Lair:1)
  An iron troll (shapeshifter) (Vaults:5)
  A salamander mystic (Depths:2)
  16 skeletal warriors
  A titan skeleton (Crypt:1)
  4 wretched stars
  51 large abominations
  2 goliath frogs (Swamp:3)
  4 shadow demons (Pan)
  3 spark wasp zombies
  57 deep trolls
  13 swamp dragons
  8 orb spiders
  2 spriggan druids
  6 steelbarb worms
  4 flayed ghosts
  9 phantasmal warriors
  13 deep elf archers
  8 glowing orange brains
  26 deep elf zephyrmancers
  A harpy (shapeshifter) (Vaults:5)
  2 bog bodies (Crypt:1)
  6 harpies (Vaults:1)
  4 spectral wolf spiders (Spider:2)
  20 ironbound convokers
  29 ugly things
  2 wolf spider zombies (Spider:2)
  24 deep elf pyromancers
  A lindwurm (shapeshifter) (Depths:1)
  3 lindwurms
  11 wizards
  10 necromancers
  3 orc knights
  17 wolf spiders
  4 salamanders
  A steelbarb worm (shapeshifter) (Abyss:4)
  3 manticores
  A fire giant zombie (Hell)
  3 frost giant zombies (Hell)
  4 oklob plants (Lair:5)
  4 will-o-the-wisps
  5 shining eyes
  A faun (shapeshifter) (Vaults:5)
  An orc sorcerer (Orc:1)
  14 cyclopes
  5 rust devils
  A centaur zombie (Hell)
  28 moths of wrath
  12 elephants
  3 molten gargoyles
  7 gargoyles
  7 torpor snails
  4 black mambas
  2 ice statues (IceCv)
  Maurice (Orc:2)
  2 titan simulacra
  3 eyes of devastation
  2 storm dragon simulacra
  23 demonic crawlers
  A naga mage (D:15)
  An eye of devastation (shapeshifter) (D:12)
  22 vault sentinels
  37 smoke demons
  14 cane toads
  2 unseen horrors
  27 orange demons
  Maggie (D:8)
  An unseen horror zombie (Crypt:1)
  10 hellions
  7 tormentors
  Psyche (D:8)
  3 centaur skeletons
  11 komodo dragons
  5 rime drakes
  A minotaur skeleton (Crypt:1)
  A bunyip simulacrum (Coc:1)
  7 efreet
  A catoblepas zombie (Crypt:1)
  An iron giant simulacrum (Coc:3)
  9 freezing wraiths
  24 yaktaurs
  7 anaconda simulacra
  A green draconian skeleton (Crypt:1)
  4 tengu conjurers
  9 ice devils
  A hydra zombie (Hell)
  An ancient zyme (Abyss:4)
  11 meliai
  4 red devils
  12 trolls
  2 wolf spider simulacra (Spider:2)
  8 tyrant leeches
  22 hellwings
  A bloated husk (Swamp:1)
  A queen bee (Lair:1)
  A tengu simulacrum (Coc:2)
  9 polar bears
  A harpy skeleton (Pan)
  16 tarantellas
  9 blink frogs
  2 raiju (shapeshifter)
  13 hornets
  2 iron dragon simulacra
  10 raiju
  A draconian simulacrum (Zot:4)
  32 jumping spiders
  5 dream sheep
  129 slime creatures
  3 centaur simulacra
  A jumping spider (shapeshifter) (Depths:3)
  22 culicivoras
  39 ynoxinuls
  An ettin skeleton (Pan)
  Sigmund (D:6)
  15 flying skulls
  A shadow (D:11)
  A culicivora (shapeshifter) (Elf:1)
  4 vampires
  A black mamba skeleton (Pan)
  4 wyverns
  2 fire bats (Abyss:4)
  3 air elementals (Elf:3)
  4 dire elephant simulacra
  4 alligator snapping turtle simulacra
  12 water elementals
  5 wraiths
  3 hogs (Lair:5)
  17 starcursed masses
  7 fire elementals
  14 humans (D:13)
  51 redbacks
  20 golden eyes
  20 yaks
  8 vampire mosquitoes
  50 chaos spawn
  7 basilisks
  24 neqoxecs
  3 steam dragons
  A red draconian simulacrum (Zot:4)
  5 small abominations
  Menkaure (D:7)
  A swamp worm (shapeshifter) (Abyss:4)
  12 harpy simulacra
  4 acid dragons
  10 swamp worms
  A death yak simulacrum (IceCv)
  2 glowing shapeshifter zombies (Hell)
  5 wargs
  An acid dragon (shapeshifter) (D:13)
  Duvessa (D:5)
  2 hydra simulacra
  A hell hound (Lair:5)
  9 water moccasins
  A moth of wrath simulacrum (Zot:4)
  A floating eye (shapeshifter) (Depths:3)
  4 floating eyes
  26 orc warriors
  A deep troll skeleton (Pan)
  9 swamp drakes
  2 sky beasts (D:7)
  8 black bears
  2 ettin simulacra
  A sky beast (shapeshifter) (Vaults:5)
  An ice beast (D:8)
  A snapping turtle zombie (Crypt:1)
  A fire dragon simulacrum (Coc:1)
  An ice dragon simulacrum (Hell)
  3 boggarts (Vaults:2)
  31 ogres
  21 centaurs
  14 wolves
  A phantom (D:5)
  6 bullfrogs
  4 kobold brigands
  A scorpion (D:5)
  2 cane toad simulacra (IceCv)
  3 necrophages (Crypt:1)
  4 two-headed ogre simulacra (IceCv)
  10 earth elementals
  Dowan (D:5)
  20 killer bees
  5 electric eels
  4 howler monkeys
  3 crimson imps (Abyss:4)
  2 quasits
  A basilisk zombie (Crypt:1)
  6 hounds
  3 jellies
  11 orc priests
  2 gnoll boudas
  Crazy Yiuf (D:3)
  5 iguanas
  14 orc wizards
  7 lightning spires
  2 polar bear simulacra (IceCv)
  6 spriggan simulacra
  2 troll simulacra (IceCv)
  A tengu skeleton (Crypt:1)
  23 gnolls
  6 adders
  6 naga simulacra
  2 shadow imps
  9 white imps
  5 ufetubi
  4 worms
  3 dart slugs
  54 orcs
  9 ball pythons
  5 endoplasms
  3 giant cockroaches
  8 goblins
  3 hobgoblins
  7 jackals
  A quokka (D:2)
  5 bats
  5 frilled lizards
  A gnoll skeleton (Crypt:1)
  21 kobolds
  A kobold skeleton (Crypt:1)
  9 rats
  A lurking horror (Abyss:3)
  A starspawn tentacle (Abyss:4)
3180 creatures vanquished.

Vanquished Creatures (collateral kills)
  The ghost of Pongem the Conqueror, a legendary MiAK of Lugonu (Zot:1)
  A golden dragon (Zot:1)
  Zenata (Vaults:4)
  An Ice Fiend (Coc:7)
  2 acid blobs
  A thorn hunter (Swamp:4)
  A tentacled starspawn (Abyss:4)
  An azure jelly (Slime:5)
  A frost giant (D:12)
  A draconian shifter (Zot:1)
  A vault warden (Vaults:5)
  A deep elf demonologist (Elf:1)
  A quicksilver ooze (Slime:5)
  A vampire knight (Depths:2)
  A black draconian (Zot:1)
  A bunyip (Swamp:2)
  A spark wasp (Zot:1)
  A minotaur (Gauntlet)
  2 deep elf death magi
  A fire dragon (Abyss:4)
  2 ettins
  An entropy weaver (Spider:4)
  A yaktaur captain (Vaults:1)
  A rakshasa (Pan)
  2 vault guards
  5 hydras
  3 ogre magi
  A centaur warrior (Vaults:3)
  2 dancing weapons
  An alligator (Swamp:3)
  11 two-headed ogres
  A spriggan berserker (Lair:1)
  2 thrashing horrors (Abyss:4)
  A sun demon (Depths:2)
  3 deep elf knights
  A skeletal warrior (D:14)
  2 deep trolls
  A spriggan druid (Swamp:4)
  A glowing orange brain (Pan)
  3 orb spiders
  A sun moth (Spider:2)
  2 steelbarb worms
  2 swamp dragons (Swamp:4)
  2 wizards (Pan)
  An ironbound convoker (Vaults:1)
  2 spectral wolf spiders (Spider:2)
  3 deep elf archers (Elf:1)
  3 wolf spider zombies (Spider:2)
  2 lindwurms (Vaults:3)
  5 wolf spiders
  3 deep elf zephyrmancers
  4 deep elf pyromancers
  2 shining eyes (Depths:2)
  An ugly thing (D:14)
  4 elephants
  3 moths of wrath
  An apocalypse crab (Abyss:4)
  2 vault sentinels
  2 demonic crawlers (Spider:2)
  A smoke demon (Hell)
  2 torpor snails
  An eye of devastation (Slime:1)
  2 water nymphs (shapeshifter)
  A dire elephant zombie (Abyss:4)
  A hellion (Depths:2)
  A cane toad (Lair:5)
  A rime drake (Lair:5)
  A freezing wraith (D:15)
  3 yaktaurs
  An anaconda simulacrum (IceCv)
  A bloated husk (Swamp:4)
  A polar bear (shapeshifter) (Abyss:4)
  4 hornets
  A hellwing (Pan)
  2 wolf spider simulacra (Spider:2)
  A tyrant leech (Swamp:1)
  A troll (Orc:2)
  6 tarantellas
  Prince Ribbit (D:8)
  A dream sheep (Lair:5)
  2 blink frogs (Lair:5)
  3 jumping spiders
  10 slime creatures
  4 spriggans
  2 hogs (Lair:5)
  5 culicivoras
  10 yaks
  A wyvern (Lair:5)
  4 starcursed masses (Abyss:4)
  Grum (D:9)
  13 redbacks
  A golden eye (Abyss:4)
  3 chaos spawn (Abyss:4)
  3 humans (D:13)
  3 vampire mosquitoes
  7 swamp worms
  A hell hound (Lair:5)
  A swamp drake (Swamp:2)
  9 orc warriors
  4 wolves
  16 ogres
  2 centaurs (Bailey)
  8 killer bees
  3 crimson imps (Abyss:4)
  A quasit (Abyss:4)
  3 gnoll boudas
  An orc priest (Elf:1)
  An iguana (Lair:3)
  An orc wizard (Orc:2)
  7 gnolls
  A white imp (D:7)
  25 orcs
  A ball python (D:4)
  A jackal (D:3)
  8 kobolds
  A spectral weapon (Swamp:4)
  A starspawn tentacle (Abyss:4)
314 creatures vanquished.

Vanquished Creatures (others)
  A deep elf master archer (Elf:3)
  An acid blob (Depths:1)
  An eldritch tentacle (Pan)
  An entropy weaver (Spider:3)
  A deep elf death mage (Elf:3)
  An ogre mage (Orc:2)
  A two-headed ogre (shapeshifter) (Abyss:4)
  A caustic shrike simulacrum (Coc:3)
  A radroach (Spider:2)
  3 two-headed ogres
  A juggernaut simulacrum (Coc:3)
  A sun demon (Depths:2)
  A skeletal warrior (Crypt:1)
  A deep troll (Vaults:3)
  A goliath frog (Swamp:4)
  A quicksilver dragon simulacrum (Coc:3)
  A shadow demon (Depths:4)
  A fenstrider witch simulacrum (Hell)
  A steelbarb worm (Spider:4)
  4 wolf spiders (Spider:2)
  3 deep elf pyromancers
  2 wizards
  A deep elf zephyrmancer (Elf:2)
  An ugly thing (D:15)
  2 moths of wrath
  2 orange demons
  A water nymph (shapeshifter) (Abyss:4)
  A yaktaur (Vaults:1)
  A hellwing (Pan)
  2 bloated husks
  A red devil (Lair:5)
  A tyrant leech (Swamp:2)
  A tarantella (Spider:2)
  2 blink frogs
  A slime creature (Depths:1)
  A jumping spider (Spider:4)
  A culicivora (Spider:2)
  A yak (D:11)
  An alligator snapping turtle simulacrum (Hell)
  2 humans (D:13)
  A chaos spawn (Pan)
  3 redbacks
  A swamp worm (Swamp:1)
  A harpy simulacrum (Coc:4)
  A hell hound (Lair:5)
  A swamp drake (Swamp:4)
  4 ogres (Orc:2)
  2 centaurs
  A gnoll sergeant (D:11)
  2 naga simulacra
  6 killer bees
  A quasit (Abyss:4)
  A gnoll (D:7)
  A shadow imp (D:8)
  A white imp (IceCv)
  6 orcs
  A hobgoblin (D:3)
  3 jackals (D:4)
  5 ball lightnings (Zot:1)
  A fire vortex (Pan)
  8 foxfires
  14 starspawn tentacles (Abyss:4)
118 creatures vanquished.

Grand Total: 3612 creatures vanquished

Notes
Turn   | Place    | Note
-------+----------+-------------------------------------------
     0 | D:1      | PlayingRandomsOnly the Spriggan Berserker began the quest
                  | for the Orb.
     0 | D:1      | Reached XP level 1. HP: 11/11 MP: 2/2
   157 | D:1      | Reached skill level 1 in Stealth
   157 | D:1      | Reached XP level 2. HP: 16/16 MP: 3/3
   709 | D:1      | Reached XP level 3. HP: 19/19 MP: 4/4
   982 | D:2      | Reached ** piety under Trog
  1415 | D:2      | Reached skill level 5 in Dodging
  1452 | D:2      | Reached XP level 4. HP: 23/23 MP: 5/5
  2083 | D:3      | Found Felenuaq's Antique Weapon Shop.
  2095 | D:3      | Noticed an ogre
  2184 | D:3      | Killed an ogre
  2185 | D:3      | Reached XP level 5. HP: 27/27 MP: 6/6
  2246 | D:3      | Found a runed translucent door.
  2247 | D:3      | Noticed Crazy Yiuf
  2288 | D:3      | Found Soloasm's Weapon Shoppe.
  2441 | D:3      | Found Taonaer's Assorted Antiques.
  2452 | D:3      | Bought a wooden wand for 108 gold pieces
  2455 | D:3      | Found Atyant's Assorted Antiques.
  2618 | D:3      | Killed Crazy Yiuf
  2708 | D:4      | Reached *** piety under Trog
  2844 | D:4      | Reached skill level 5 in Short Blades
  2844 | D:4      | Reached skill level 5 in Stealth
  2964 | D:3      | Reached XP level 6. HP: 26/32 MP: 4/7
  3199 | D:4      | Reached skill level 1 in Evocations
  3199 | D:4      | Reached XP level 7. HP: 24/35 MP: 3/8
  3402 | D:4      | Found a blossoming altar of Fedhas.
  3540 | D:4      | Found a staircase to the Ecumenical Temple.
  3604 | D:4      | Found Nilul's Jewellery Emporium.
  3947 | D:5      | Entered Level 5 of the Dungeon
  4179 | D:5      | Noticed Duvessa
  4354 | D:3      | Bought a jewelled silver wand for 112 gold pieces
  4971 | D:5      | Noticed Dowan
  4975 | D:5      | Killed Dowan
  5019 | D:5      | Killed Duvessa
  5020 | D:5      | Reached XP level 8. HP: 39/39 MP: 7/9
  5680 | D:6      | Noticed Sigmund
  5684 | D:6      | Found a glowing silver altar of Zin.
  5700 | D:6      | Killed Sigmund
  5701 | D:6      | Reached skill level 5 in Evocations
  6119 | D:6      | Found an ornate altar of the Wu Jian Council.
  6272 | D:6      | Found a shimmering blue altar of Sif Muna.
  6451 | D:7      | Reached XP level 9. HP: 35/44 MP: 6/10
  6548 | D:7      | Found a flagged portal.
  6554 | D:7      | Noticed Menkaure
  6562 | D:7      | Killed Menkaure
  6563 | D:7      | Reached skill level 10 in Dodging
  6799 | Bailey   | Entered a bailey
  6841 | Bailey   | Reached **** piety under Trog
  7273 | Bailey   | Reached skill level 5 in Fighting
  7510 | Bailey   | Reached XP level 10. HP: 35/51 MP: 6/11
  7681 | Bailey   | Reached skill level 10 in Short Blades
  8317 | D:6      | Found a shimmering altar of Xom.
  8318 | D:6      | Found a basalt altar of Yredelemnul.
  8318 | D:6      | Found a glowing golden altar of the Shining One.
  8320 | D:6      | Found a burning altar of Makhleb.
  8797 | D:7      | Found a sacrificial altar of Ru.
  8834 | D:7      | Found a sparkling altar of Nemelex Xobeh.
  9602 | D:8      | Noticed Maggie
  9667 | D:8      | Noticed Psyche
  9690 | D:8      | Killed Psyche
  9762 | D:8      | Found Berapneu's Antique Weapon Boutique.
 10249 | D:8      | Noticed a two-headed ogre
 10319 | D:8      | Killed a two-headed ogre
 10338 | D:8      | Noticed Prince Ribbit
 10366 | D:8      | Killed Prince Ribbit
 10384 | D:8      | Killed Maggie
 10534 | D:8      | Found a broken altar of Ashenzari.
 10755 | D:9      | Reached skill level 10 in Evocations
 10846 | D:9      | Reached skill level 1 in Long Blades
 10853 | D:9      | Reached skill level 10 in Stealth
 10911 | D:9      | Noticed a two-headed ogre
 10965 | D:9      | Killed a two-headed ogre
 10966 | D:9      | Reached XP level 11. HP: 43/58 MP: 12/12
 11022 | D:9      | Noticed Grum
 11051 | D:9      | Killed Grum
 11123 | D:9      | Found a stormy altar of Qazlal.
 11396 | D:9      | Noticed a two-headed ogre
 11444 | D:9      | Killed a two-headed ogre
 11650 | D:9      | Found a hazy altar of Hepliaklqana.
 11650 | D:9      | Found an ancient bone altar of Kikubaaqudgha.
 11650 | D:9      | Found a hide-covered altar of Uskayaw.
 11888 | D:10     | Entered Level 10 of the Dungeon
 11893 | D:10     | Found a staircase to the Orcish Mines.
 11903 | Orc:1    | Entered Level 1 of the Orcish Mines
 11916 | Orc:1    | Noticed an orc knight
 12263 | D:10     | Found Goh Ilu's Weapon Emporium.
 12291 | D:10     | Bought a throwing net for 48 gold pieces
 13285 | D:11     | Noticed a two-headed ogre
 13324 | D:11     | Killed a two-headed ogre
 13627 | D:11     | Found a glowing silver altar of Zin.
 14020 | D:11     | Reached skill level 5 in Long Blades
 14033 | D:11     | Reached XP level 12. HP: 62/65 MP: 8/13
 14034 | D:11     | Reached ***** piety under Trog
 14447 | D:11     | Found a staircase to the Lair.
 14953 | Lair:1   | Entered Level 1 of the Lair of Beasts
 15011 | Lair:1   | Noticed Fannar
 15670 | Orc:2    | Entered Level 2 of the Orcish Mines
 15691 | Orc:2    | Noticed a two-headed ogre
 15692 | Orc:2    | Noticed a two-headed ogre
 15692 | Orc:2    | Noticed a two-headed ogre
 15694 | Orc:2    | Noticed a two-headed ogre
 15694 | Orc:2    | Noticed an ogre mage
 15695 | Orc:2    | Noticed an ogre mage
 15696 | Orc:2    | Killed a two-headed ogre
 15697 | Orc:2    | Noticed a two-headed ogre
 15698 | Orc:2    | Killed a two-headed ogre
 15701 | Orc:2    | Killed a two-headed ogre
 15702 | Orc:2    | Killed a two-headed ogre
 15704 | Orc:2    | Killed an ogre mage
 15716 | Orc:2    | Killed an ogre mage
 15720 | Orc:2    | Killed a two-headed ogre
 15721 | Orc:2    | Noticed a two-headed ogre
 15722 | Orc:2    | Killed a two-headed ogre
 15725 | Orc:2    | Noticed a two-headed ogre
 15726 | Orc:2    | Noticed an ogre mage
 15734 | Orc:2    | Killed an ogre mage
 15735 | Orc:2    | Killed a two-headed ogre
 15736 | Orc:2    | Reached skill level 10 in Fighting
 15740 | Orc:2    | Found Anlinoff's Jewellery Emporium.
 15740 | Orc:2    | Found Wiestru's Weapon Shop.
 15740 | Orc:2    | Found Luron's Assorted Antiques.
 15740 | Orc:2    | Found Roekydig's Jewellery Emporium.
 15740 | Orc:2    | Noticed a two-headed ogre
 15740 | Orc:2    | Noticed a two-headed ogre
 15741 | Orc:2    | Noticed a two-headed ogre
 15741 | Orc:2    | Noticed a two-headed ogre
 15741 | Orc:2    | Noticed a two-headed ogre
 15741 | Orc:2    | Noticed an ogre mage
 15746 | Orc:2    | Killed a two-headed ogre
 15746 | Orc:2    | Killed a two-headed ogre
 15747 | Orc:2    | Reached skill level 1 in Throwing
 15748 | Orc:2    | Noticed a two-headed ogre
 15753 | Orc:2    | Reached XP level 13. HP: 72/72 MP: 14/14
 15817 | Orc:2    | Bought 4 boomerangs for 120 gold pieces
 15818 | Orc:2    | Bought the ring of the Devil's Team {rF+ rC+ Dex+6} for 627
                  | gold pieces
 15935 | Orc:2    | Noticed Maurice
 15946 | Orc:2    | Killed Maurice
 15947 | Orc:2    | Reached skill level 15 in Dodging
 15988 | Orc:2    | Reached skill level 1 in Armour
 16016 | Orc:2    | Found a staircase to the Elven Halls.
 16125 | Orc:2    | Found a gate leading to a gauntlet.
 16139 | Gauntlet | Entered a Gauntlet
 16139 | Gauntlet | Found a large runed translucent door.
 16139 | Gauntlet | Found a large runed translucent door.
 16139 | Gauntlet | Found a large runed translucent door.
 16139 | Gauntlet | Found a transporter.
 16139 | Gauntlet | Found a large runed translucent door.
 16139 | Gauntlet | Found a runed translucent door.
 16139 | Gauntlet | Found a large runed translucent door.
 16139 | Gauntlet | Found a large runed translucent door.
 16139 | Gauntlet | Found a large runed translucent door.
 16139 | Gauntlet | Found a large runed translucent door.
 16139 | Gauntlet | Found a runed translucent gate.
 16139 | Gauntlet | Found a runed translucent gate.
 16139 | Gauntlet | Found a transporter.
 16139 | Gauntlet | Found a transporter.
 16147 | Gauntlet | Found a transporter.
 16148 | Gauntlet | Found a transporter.
 16150 | Gauntlet | Found a transporter.
 16157 | Gauntlet | Found a transporter.
 16158 | Gauntlet | Found a transporter.
 16159 | Gauntlet | Found a transporter.
 16161 | Gauntlet | Found a transporter.
 16172 | Gauntlet | Found a transporter.
 16173 | Gauntlet | Found a transporter.
 16200 | Gauntlet | Found a runed translucent gate.
 16200 | Gauntlet | Found a runed translucent door.
 16208 | Gauntlet | Found a large runed translucent door.
 16208 | Gauntlet | Found a large runed translucent door.
 16208 | Gauntlet | Found a large runed translucent door.
 16208 | Gauntlet | Found a large runed translucent door.
 16209 | Gauntlet | Found a large runed translucent door.
 16209 | Gauntlet | Found a large runed translucent door.
 16210 | Gauntlet | Found a large runed translucent door.
 16210 | Gauntlet | Found a large runed translucent door.
 16465 | Gauntlet | Paralysed by you for 5 turns
 16538 | Gauntlet | Identified the +2 ring mail "Kukhlauff" {+Inv rElec Int-5}
 16538 | Gauntlet | Noticed a minotaur
 16553 | Gauntlet | Killed a minotaur
 16617 | Gauntlet | Identified the +0 buckler "Bomus" {Dex+3 SInv}
 17045 | Orc:2    | Bought a wand of mindburst (7) for 245 gold pieces
 17213 | D:3      | Bought a crystal dagger for 168 gold pieces
 17213 | D:3      | Identified the +0 dagger "Ipsaydgh" {venom, Str+2} (You
                  | bought it in a shop on level 3 of the Dungeon)
 17392 | Lair:1   | Killed Fannar
 17546 | Lair:1   | Reached skill level 5 in Throwing
 17552 | Lair:1   | Noticed Gastronok
 17578 | Lair:1   | Found a transporter.
 17588 | Lair:1   | Found a bloodstained altar of Trog.
 17605 | Lair:1   | Found a transporter.
 17605 | Lair:1   | Noticed Purph's ghost (journeyman MiBe)
 17758 | Lair:1   | Noticed Amaemon
 17809 | Lair:1   | Killed Amaemon
 17872 | Lair:1   | Killed Gastronok
 18453 | Lair:2   | Reached skill level 5 in Armour
 18502 | Lair:2   | Found a runed translucent door.
 18502 | Lair:2   | Noticed bimbombam's ghost (journeyman TrFi)
 18531 | Lair:2   | Killed bimbombam's ghost
 18533 | Lair:2   | Identified the amulet of Feantu Vine {rN++ Regen+ Str-2
                  | Int+4}
 18748 | Lair:2   | Found a hole to the Spider Nest.
 18933 | Lair:2   | Identified the +1 rapier "Puhaydd" {heavy, Will+ Str+3
                  | Stlth+}
 19147 | Lair:2   | Received a gift from Trog
 19148 | Lair:2   | Reached XP level 14. HP: 77/77 MP: 15/15
 19577 | Lair:3   | Found a staircase to the Swamp.
 19899 | Lair:3   | Identified the +3 trident "Zotof" {freeze, rElec rPois
                  | Dex+3}
 19965 | Lair:3   | Identified the +0 leather armour "Neona" {*Slow rElec
                  | Str+4}
 21508 | Lair:5   | Entered Level 5 of the Lair of Beasts
 21583 | Lair:5   | Found a frozen archway.
 21608 | Lair:5   | Found a viscous altar of Jiyva.
 21608 | Lair:5   | Found a staircase to the Slime Pits.
 21823 | IceCv    | Entered an ice cave
 22122 | IceCv    | Noticed a reaper
 22160 | IceCv    | Killed a reaper
 22330 | IceCv    | Found the +8 frozen axe "Frostbite" {freeze, freezing
                  | cloud, *Noise Fly rC+}
 22627 | Lair:5   | Reached skill level 15 in Stealth
 22746 | Lair:5   | Found a burning altar of Makhleb.
 22849 | Lair:5   | Reached XP level 15. HP: 56/80 MP: 16/16
 22886 | Lair:5   | Received a gift from Trog
 22952 | Lair:5   | Identified the +0 scimitar "Kysux" {freeze, Str+3}
 23044 | Lair:5   | Noticed Kirke
 23055 | Lair:5   | Reached skill level 10 in Armour
 23071 | Lair:5   | Killed Kirke
 23303 | Lair:5   | Found a gateway to Hell.
 23664 | D:12     | Reached skill level 10 in Long Blades
 23814 | D:12     | Identified the ring of Zoydghoah {Fly Int+6}
 23873 | D:12     | Noticed a frost giant
 23873 | D:12     | Noticed a storm dragon
 23876 | D:12     | Noticed a storm dragon
 24105 | D:13     | Found a basalt altar of Yredelemnul.
 24200 | D:13     | Found a portal to a secret trove of treasure.
 24215 | D:13     | Found a blossoming altar of Fedhas.
 24486 | D:13     | Received a gift from Trog
 24508 | D:13     | Found a gate to the Vaults.
 24592 | D:13     | Identified the +9 demon trident "Suhoabb" {elec, Int+2}
 24955 | D:12     | Killed a frost giant
 25334 | D:12     | Found a stormy altar of Qazlal.
 25469 | D:12     | Killed a storm dragon
 25526 | D:12     | Killed a storm dragon
 26292 | D:14     | Found Ytoce's Jewellery Boutique.
 26390 | D:14     | Received a gift from Trog
 26624 | D:14     | Reached XP level 16. HP: 88/88 MP: 17/17
 26805 | D:15     | Entered Level 15 of the Dungeon
 27113 | D:15     | Found a hide-covered altar of Uskayaw.
 27582 | D:15     | Found a staircase to the Depths.
 27896 | Elf:1    | Entered Level 1 of the Elven Halls
 28025 | Swamp:1  | Entered Level 1 of the Swamp
 28778 | Swamp:1  | Identified the +7 morningstar of the Shining Light {heavy,
                  | rC+ rN+}
 29146 | D:3      | Bought the +10 short sword of the Inferno {elec, Dex+5} for
                  | 900 gold pieces
 29701 | Swamp:2  | Reached ****** piety under Trog
 29705 | Swamp:2  | Received a gift from Trog
 30439 | Swamp:3  | Reached skill level 15 in Evocations
 31326 | Swamp:4  | Entered Level 4 of the Swamp
 31412 | Swamp:4  | Noticed Donald
 31804 | Swamp:4  | Reached XP level 17. HP: 72/94 MP: 18/18
 31928 | Swamp:3  | Received a gift from Trog
 32803 | Swamp:4  | Got a decaying rune of Zot
 33087 | Swamp:4  | Killed Donald
 34203 | Elf:1    | Found Bashros's Antique Weapon Boutique.
 34203 | Elf:1    | Found Vam Mawo's Jewellery Shop.
 34204 | Elf:1    | Found Zaheygh's Antique Weapon Boutique.
 34260 | Elf:1    | Found Bucwycoa's Assorted Antiques.
 34713 | Elf:1    | Identified the +7 long sword "Zoij" {pain, rPois rC+ Will++
                  | Int-3}
 34744 | Elf:1    | Received a gift from Trog
 34752 | Elf:1    | Found a runed translucent gate.
 34752 | Elf:1    | Found a runed translucent gate.
 34752 | Elf:1    | Found a runed translucent gate.
 34752 | Elf:1    | Found a runed translucent gate.
 34752 | Elf:1    | Found a runed translucent gate.
 34765 | Elf:1    | Found a runed translucent gate.
 35319 | Elf:1    | Found a shimmering blue altar of Sif Muna.
 35783 | Spider:1 | Entered Level 1 of the Spider Nest
 35917 | Spider:1 | Reached XP level 18. HP: 72/102 MP: 19/19
 36626 | Spider:1 | Received a gift from Trog
 37141 | Lair:1   | Killed Purph's ghost
 37152 | Lair:1   | Identified the amulet "Ypun" {RegenMP rN+ Will+}
 37410 | Spider:2 | Reached skill level 10 in Throwing
 37834 | Spider:2 | Found a transporter.
 37838 | Spider:2 | Noticed Bolleh's ghost (journeyman GnSk)
 37872 | Spider:2 | Found a transporter.
 38303 | Spider:2 | Received a gift from Trog
 39565 | Spider:3 | Received a gift from Trog
 40130 | Spider:3 | Reached skill level 15 in Fighting
 41346 | Spider:4 | Entered Level 4 of the Spider Nest
 41849 | Spider:3 | Reached XP level 19. HP: 100/108 MP: 20/20
 42105 | Spider:4 | Identified the +13 double sword of the Shrike {antimagic,
                  | rN+} (Trog gifted it to you on level 4 of the Spider Nest)
 42105 | Spider:4 | Received a gift from Trog
 42754 | Spider:4 | Reached skill level 15 in Armour
 42930 | Spider:4 | Got a gossamer rune of Zot
 43707 | Elf:2    | Found Inlolioche's Armour Shop.
 43963 | Elf:2    | Found a runed translucent gate.
 43963 | Elf:2    | Found a runed translucent gate.
 43963 | Elf:2    | Found a runed translucent gate.
 44004 | Elf:2    | Received a gift from Trog
 45479 | Elf:3    | Entered Level 3 of the Elven Halls
 45740 | Elf:3    | Paralysed by an air elemental for 1 turns
 45858 | Elf:3    | Noticed kalagan's ghost (adept DECj)
 45963 | Elf:3    | Found a runed translucent gate.
 45963 | Elf:3    | Found a runed translucent gate.
 45963 | Elf:3    | Found a runed translucent gate.
 46000 | Elf:3    | Found Daxteesy's Antique Armour Boutique.
 46878 | Elf:3    | Paralysed by an air elemental for 1 turns
 47321 | Elf:3    | Identified the +1 robe "Boley" {Rampage Str+3 Stlth+}
 47321 | Elf:3    | Identified the ring of Qazlal's Whim {rPois rCorr}
 47321 | Elf:3    | Noticed Nikola
 47377 | Elf:3    | Reached XP level 20. HP: 52/113 MP: 7/21
 47377 | Elf:3    | Received a gift from Trog
 47581 | Elf:3    | Killed Nikola
 47756 | Elf:3    | Identified the ring "Weblumn" {rC- rN+ Will+ rCorr}
 47826 | Elf:3    | Identified the amulet "Neraubre" {Acrobat Rampage rF- rCorr
                  | Str+8}
 47857 | Elf:3    | Identified the +10 sling of Fimiugaan {flame, rC+ Str-5
                  | Int+2 Dex+2}
 47862 | Elf:3    | Identified the +6 glaive of Subterfuge {distort, rF+ Will+
                  | Str+3}
 47940 | Elf:3    | Identified the +8 rapier of the Thoughtful Xeniums {flame,
                  | Dex+3}
 48332 | Elf:1    | Bought the ring "Cuegus" {rPois rC- rN+++ Str+6 SInv} for
                  | 981 gold pieces
 48572 | Depths:1 | Entered Level 1 of the Depths
 49021 | Depths:1 | Found Reefoth's Assorted Antiques.
 49227 | Depths:1 | Found a runed translucent door.
 49230 | Depths:1 | Noticed Usitroal's ghost (journeyman MiFi)
 49303 | Depths:1 | Killed Usitroal's ghost
 49412 | Depths:1 | Found a runed translucent door.
 49643 | Depths:1 | Found a one-way gateway to a ziggurat.
 50822 | Depths:1 | Bought a wand of iceblast (3) for 122 gold pieces
 50822 | Depths:1 | Bought a wand of mindburst (8) for 190 gold pieces
 50822 | Depths:1 | Bought a potion of curing for 51 gold pieces
 50822 | Depths:1 | Bought a wand of digging (6) for 428 gold pieces
 50822 | Depths:1 | Bought a potion of curing for 51 gold pieces
 50966 | Depths:2 | Noticed Bai Suzhen
 50973 | Depths:2 | Noticed the Enchantress
 51479 | Depths:1 | Killed the Enchantress
 51634 | Depths:1 | Killed Bai Suzhen
 51875 | Depths:2 | Found a one-way gate to the infinite horrors of the Abyss.
 51953 | Depths:2 | Noticed a golden dragon
 52008 | Depths:2 | Paralysed by a floating eye for 4 turns
 52025 | Depths:1 | Received a gift from Trog
 52191 | Depths:2 | Killed a golden dragon
 52585 | Depths:2 | Found a one-way gate leading to the halls of Pandemonium.
 53269 | Depths:2 | Noticed Asterion
 53281 | Depths:2 | Killed Asterion
 53591 | Depths:3 | Reached XP level 21. HP: 118/118 MP: 7/22
 53699 | Depths:3 | Noticed a caustic shrike
 53883 | Depths:3 | Received a gift from Trog
 53982 | Depths:2 | Reached skill level 15 in Long Blades
 54697 | Depths:3 | Killed a caustic shrike
 56130 | Depths:3 | Identified the +0 long sword "Kuengoh" {heavy, Fragile
                  | rPois rCorr Int+5}
 56511 | Depths:3 | Identified the staff of conjuration "Mezxacwa" {rF++}
 56886 | Depths:4 | Entered Level 4 of the Depths
 56956 | Depths:4 | Found Enozorgh's Blood Bar.
 56960 | Depths:4 | Identified the +1 scimitar of Accord {heavy, rPois rC++
                  | rCorr Stlth-} (Trog gifted it to you on level 4 of the
                  | Depths)
 56960 | Depths:4 | Received a gift from Trog
 57055 | Depths:4 | Noticed a caustic shrike
 57094 | Depths:4 | Killed a caustic shrike
 57152 | Depths:4 | Noticed a caustic shrike
 57152 | Depths:4 | Noticed a caustic shrike
 57231 | Depths:4 | Reached XP level 22. HP: 63/126 MP: 7/23
 57626 | Depths:4 | Noticed a golden dragon
 58073 | Depths:4 | Found a gate to the Realm of Zot.
 58363 | Depths:4 | Killed a caustic shrike
 58366 | Depths:4 | Killed a caustic shrike
 58621 | Depths:4 | Killed a golden dragon
 58668 | Depths:4 | Found Juzoanar's Book Boutique.
 59432 | Spider:2 | Killed Bolleh's ghost
 59443 | Spider:2 | Identified the ring of Kufus {Ice +Blink SInv}
 59496 | Spider:2 | Reached XP level 23. HP: 131/131 MP: 8/24
 59805 | Elf:3    | Killed kalagan's ghost
 60373 | Depths:2 | Voluntarily entered the Abyss.
 60373 | Abyss:1  | Found a corrupted altar of Lugonu.
 60427 | Abyss:1  | Received a gift from Trog
 60594 | Abyss:2  | Found a corrupted altar of Lugonu.
 60623 | Abyss:2  | Found a corrupted altar of Lugonu.
 60672 | Abyss:2  | Found a corrupted altar of Lugonu.
 60771 | Abyss:2  | Found a corrupted altar of Lugonu.
 60910 | Abyss:3  | Found a corrupted altar of Lugonu.
 60911 | Abyss:3  | Found a corrupted altar of Lugonu.
 60911 | Abyss:3  | Found a corrupted altar of Lugonu.
 60964 | Abyss:3  | Found a corrupted altar of Lugonu.
 60989 | Abyss:3  | Found a corrupted altar of Lugonu.
 61299 | Abyss:3  | Found a corrupted altar of Lugonu.
 61317 | Abyss:3  | Found a corrupted altar of Lugonu.
 61317 | Abyss:3  | Found a corrupted altar of Lugonu.
 61539 | Abyss:3  | Found a corrupted altar of Lugonu.
 61539 | Abyss:3  | Found a corrupted altar of Lugonu.
 61539 | Abyss:3  | Found a corrupted altar of Lugonu.
 61605 | Abyss:4  | Found a corrupted altar of Lugonu.
 61735 | Abyss:4  | Found a corrupted altar of Lugonu.
 61846 | Abyss:4  | Found a corrupted altar of Lugonu.
 61891 | Abyss:4  | Got an abyssal rune of Zot
 61917 | Depths:2 | Escaped the Abyss
 62393 | D:13     | You showed the abyssal rune of Zot to enter a treasure
                  | trove
 62394 | Trove    | Entered a treasure trove
 62401 | Trove    | Identified the amulet of Summertime {Acrobat Harm}
 62404 | Trove    | Identified the amulet "Pivec" {rF+++ rC- Will++ Regen+
                  | Stlth-}
 62412 | Trove    | Identified the ring "Ciliwkul" {rElec AC+4 Str+3}
 62414 | Trove    | Identified the amulet "Reneuv" {Reflect rC+++ Int+7 SH+5}
 62418 | Trove    | Identified the ring of Hipp {rElec Str+6}
 62419 | Trove    | Identified the ring "Hokugootyn" {rF- Str+5 Slay+4}
 62421 | Trove    | Identified the ring "Gimehuyr" {rF+ rN+}
 62730 | Zot:1    | Entered Level 1 of the Realm of Zot
 62779 | Zot:1    | Identified the +0 plate armour of the Cockatrice {rElec rC+
                  | Regen+ Int-5}
 62914 | Zot:1    | Found a large runed translucent door.
 62915 | Zot:1    | Found a large runed translucent door.
 62918 | Zot:1    | Noticed Pongem's ghost (legendary MiAK)
 63086 | Zot:1    | Killed Pongem's ghost
 64454 | Zot:1    | Reached XP level 24. HP: 137/137 MP: 8/24
 65131 | Zot:2    | Noticed a Killer Klown
 65167 | Zot:2    | Killed a Killer Klown
 65167 | Zot:2    | Received a gift from Trog
 66521 | Zot:3    | Noticed a Killer Klown
 66529 | Zot:3    | Killed a Killer Klown
 68131 | Zot:4    | Received a gift from Trog
 68896 | Depths:1 | Bought a scroll of enchant armour for 127 gold pieces
 69225 | Vaults:1 | Entered Level 1 of the Vaults
 69868 | Vaults:1 | Received a gift from Trog
 69975 | Vaults:1 | Found Silumeta's Jewellery Shoppe.
 70277 | Vaults:1 | Reached XP level 25. HP: 127/144 MP: 8/24
 70496 | Vaults:1 | Found Guexzitt's Armour Boutique.
 70999 | Vaults:2 | Received a gift from Trog
 71148 | Vaults:2 | Identified the +2 hand axe of Fortitude {flame, Drain
                  | rF+++}
 71149 | Vaults:2 | Noticed a dread lich
 71168 | Vaults:2 | Killed a dread lich
 72207 | Vaults:3 | Received a gift from Trog
 72587 | Vaults:3 | Noticed Jory
 72706 | Vaults:3 | Killed Jory
 73585 | Vaults:3 | Found a staircase to the Crypt.
 74161 | Vaults:4 | Found a magical portal.
 74252 | WizLab   | Entered Maxwell's Workshop
 74303 | WizLab   | Received a gift from Trog
 74451 | WizLab   | Identified the ring "Wuroobb" {Ice +Blink rPois Int+2
                  | Slay-2}
 74830 | WizLab   | Identified the +5 scale mail "Semm" {*Slow Fly Int-5
                  | Slay+4}
 74933 | WizLab   | Identified the +2 leather armour "Ful Soacs" {rElec rC-
                  | MP+9 Dex+6}
 74972 | WizLab   | Identified the ring "Jeukh" {Fire Will+}
 75463 | Vaults:4 | Noticed Zenata
 75476 | Vaults:4 | Killed Zenata
 75554 | Vaults:4 | Received a gift from Trog
 75582 | Vaults:4 | Reached XP level 26. HP: 143/151 MP: 8/24
 76320 | Vaults:5 | Entered Level 5 of the Vaults
 76326 | Vaults:5 | Noticed an ancient lich
 76491 | Vaults:5 | Received a gift from Trog
 76628 | Vaults:5 | Noticed a dread lich
 76656 | Vaults:5 | Killed a dread lich
 76661 | Vaults:5 | Killed an ancient lich
 76762 | Vaults:5 | Identified the +3 great sword of Roff {spect, rF+ MP+9
                  | Dex+3}
 76780 | Vaults:5 | Identified the +0 leather armour of Classification {Slay+3}
 77164 | Vaults:5 | Received a gift from Trog
 77197 | Vaults:5 | Identified the +0 robe of Resilience {rPois}
 77317 | Vaults:5 | Noticed an ancient lich
 77350 | Vaults:5 | Killed an ancient lich
 77854 | Vaults:5 | Got a silver rune of Zot
 78334 | Vaults:5 | Identified the +11 double sword of Guilt {heavy, Dex+2
                  | Stlth+} (Trog gifted it to you on level 5 of the Vaults)
 78334 | Vaults:5 | Received a gift from Trog
 78693 | Vaults:5 | Noticed Saint Roka
 78703 | Vaults:5 | Killed Saint Roka
 80058 | Slime:1  | Entered Level 1 of the Pits of Slime
 80592 | Slime:2  | Reached skill level 27 in Dodging
 80976 | Slime:1  | Reached XP level 27. HP: 156/156 MP: 8/24
 81795 | Slime:4  | Received a gift from Trog
 82950 | Slime:5  | Entered Level 5 of the Pits of Slime
 82960 | Slime:5  | Received a gift from Trog
 83367 | Slime:5  | Noticed the Royal Jelly
 83534 | Slime:5  | Killed the Royal Jelly
 84209 | Slime:5  | Identified the +6 falchion of Ukuiras {vamp, rC+}
 84229 | Slime:5  | Identified the +4 rapier of the Whale {venom, rN++}
 84231 | Slime:5  | Got a slimy rune of Zot
 84241 | Slime:5  | Found the +7 captain's cutlass {speed, disarm}
 84257 | Slime:5  | Identified the +7 quarterstaff "Aliena" {freeze, rF+++ rC-
                  | Str-5 Dex+8}
 84286 | Slime:5  | Identified the staff of conjuration "Maullogi" {Str+3
                  | Int+4}
 84746 | D:11     | Fell from the grace of Trog
 84746 | D:11     | Became a worshipper of Zin the Law-Giver
 84746 | D:11     | Reached * piety under Zin
 84746 | D:11     | Reached ** piety under Zin
 84747 | D:11     | Donated 3073 gold pieces to Zin
 84765 | D:11     | Reached *** piety under Zin
 84878 | D:12     | Reached **** piety under Zin
 85020 | Vaults:2 | Reached ***** piety under Zin
 85287 | Vaults:3 | Reached ****** piety under Zin
 85468 | Vaults:5 | Got the Incunabulum of Gusty Attacks
 85940 | Depths:4 | Bought Great Wizards, Vol. VII for 660 gold pieces
 85940 | Depths:4 | Bought Ryadgh's Enchiridion on Conjury and the Wayfarer for
                  | 572 gold pieces
 85940 | Depths:4 | Bought a book of Decay for 660 gold pieces
 85940 | Depths:4 | Bought a book of the Warp for 924 gold pieces
 86919 | Elf:3    | Got Akaumnes's Parchment of the Switch and Lamentation
 87767 | Spider:3 | Got Sif Muna's Almanac of the Pestilent Blink Frog
 87771 | Spider:3 | Learned a level 2 spell: Blink
 87774 | Spider:3 | Learned a level 2 spell: Lesser Beckoning
 87777 | Spider:3 | Learned a level 2 spell: Passwall
 87782 | Spider:3 | Learned a level 4 spell: Passage of Golubria
 87786 | Spider:3 | Learned a level 3 spell: Swiftness
 87790 | Spider:3 | Learned a level 3 spell: Vhi's Electric Charge
 87795 | Spider:3 | Learned a level 4 spell: Manifold Assault
 87800 | Spider:3 | Learned a level 4 spell: Animate Armour
 87998 | Hell     | Entered the Vestibule of Hell
 87998 | Hell     | Noticed Geryon
 87998 | Hell     | Found a gateway to the freezing wastes of Cocytus.
 88110 | Hell     | Reached skill level 1 in Translocations
 88128 | Lair:5   | Reached skill level 1 in Spellcasting
 88450 | Crypt:1  | Entered Level 1 of the Crypt
 88460 | Crypt:1  | Found a basalt altar of Yredelemnul.
 88464 | Crypt:1  | Reached skill level 1 in Invocations
 88993 | Crypt:1  | Reached skill level 5 in Invocations
 89018 | Crypt:1  | Found a huge runed translucent gate.
 89018 | Crypt:1  | Found a huge runed translucent gate.
 89019 | Crypt:1  | Found a huge runed translucent gate.
 89019 | Crypt:1  | Found a huge runed translucent gate.
 89019 | Crypt:1  | Found a huge runed translucent gate.
 89019 | Crypt:1  | Found a huge runed translucent gate.
 89020 | Crypt:1  | Found a huge runed translucent gate.
 89020 | Crypt:1  | Found a huge runed translucent gate.
 89020 | Crypt:1  | Found a huge runed translucent gate.
 91181 | Zot:4    | Identified the ring "Qosch" {Ice +Blink rElec Int+2}
 91181 | Zot:4    | Noticed Josephina
 91242 | Zot:4    | Killed Josephina
 91545 | Zot:4    | Paralysed by Trog for 7 turns
 91703 | Zot:4    | Reached skill level 27 in Stealth
 91786 | Zot:4    | Identified the +1 dagger of Benevolence {heavy, rF- Dex+6}
 92394 | Pan      | Entered Pandemonium
 92488 | Pan      | Reached skill level 10 in Invocations
 92716 | Pan      | Noticed Qouf Lixe the pandemonium lord
 93573 | Pan      | Killed Qouf Lixe the pandemonium lord
 94593 | Pan      | Noticed Xoerasul the pandemonium lord
 94638 | Pan      | Killed Xoerasul the pandemonium lord
 94830 | Pan      | Found an exit through the horrors of the Abyss.
 95936 | Pan      | Noticed Hepneora the pandemonium lord
 96259 | Pan      | Reached skill level 15 in Invocations
 96440 | Pan      | Killed Hepneora the pandemonium lord
 97748 | Pan      | Entered the realm of Mnoleg.
 97910 | Pan      | Reached skill level 5 in Translocations
 98094 | Pan      | Reached skill level 5 in Spellcasting
 98909 | Pan      | Noticed Mnoleg
 98952 | Pan      | Killed Mnoleg
 99137 | Pan      | Identified the +0 pair of gloves of Xoygijou {+Blink rCorr
                  | Dex+3 Stlth+}
 99156 | Pan      | Got a glowing rune of Zot
100078 | Pan      | Found an exit through the horrors of the Abyss.
100645 | Pan      | Noticed Fidd the pandemonium lord
100654 | Pan      | Killed Fidd the pandemonium lord
100665 | Pan      | Reached skill level 10 in Translocations
100678 | Pan      | Got a demonic rune of Zot
101633 | Pan      | Entered the realm of Cerebov.
102357 | Pan      | Identified the ring "Figaty" {rF+ rC++ rN+}
102360 | Pan      | Identified the ring of the Mackerel {*Slow Fly rCorr Int+7}
102417 | Pan      | Reached skill level 10 in Spellcasting
102445 | Pan      | Identified the ring "Yhaday" {Wiz rN+++ Str-4 Int+2 Dex-3}
102448 | Pan      | Identified the +12 arbalest "Haottium" {flame, rN+}
102467 | Pan      | Found the +6 sword of Cerebov {flame}
102467 | Pan      | Noticed Cerebov
102650 | Pan      | Killed Cerebov
102683 | Pan      | Identified the amulet "Pelluinnom" {Acrobat Harm Fly rC++}
102692 | Pan      | Identified the +5 falchion "Koeshil" {antimagic, *Corrode
                  | rN+ Int+4 Dex+2}
102693 | Pan      | Identified the +10 war axe of Fedhas's Condemnation {holy,
                  | rF+ rCorr Str-4 Int+5}
102907 | Pan      | Got a fiery rune of Zot
103310 | Pan      | Noticed Soiz the pandemonium lord
103331 | Pan      | Killed Soiz the pandemonium lord
104121 | Pan      | Reached skill level 1 in Transmutations
104481 | Pan      | Reached skill level 1 in Summonings
104510 | Pan      | Found an exit through the horrors of the Abyss.
104640 | Pan      | Identified the +1 dagger of the Tundras {antimagic, rF+
                  | rCorr}
104930 | Pan      | Entered the realm of Lom Lobon.
106057 | Pan      | Noticed Lom Lobon
106130 | Pan      | Got a magical rune of Zot
106157 | Pan      | Killed Lom Lobon
107282 | Pan      | Entered the realm of Gloorx Vloq.
107357 | Pan      | Identified a scroll of acquirement
107368 | Pan      | Acquired the +0 hat of Hun Coir {rF+ Str+3}
107539 | Pan      | Reached skill level 5 in Transmutations
107891 | Pan      | Reached skill level 5 in Summonings
108011 | Pan      | Noticed Gloorx Vloq
108276 | Pan      | Killed Gloorx Vloq
108291 | Pan      | Reached skill level 1 in Air Magic
108294 | Pan      | Got a dark rune of Zot
108732 | Depths:4 | Escaped Pandemonium
108924 | Hell     | Killed Geryon
108997 | Hell     | Found a gateway to the ashen valley of Gehenna.
109473 | Hell     | Found a gateway to the decaying netherworld of Tartarus.
109715 | Hell     | Found a gateway to the Iron City of Dis.
109902 | Coc:1    | Entered Level 1 of Cocytus
110509 | Coc:2    | Reached skill level 1 in Earth Magic
111048 | Coc:3    | Paralysed by a wendigo for 1 turns
111189 | Coc:3    | Learned a level 5 spell: Summon Forest
112836 | Coc:4    | Donated 1255 gold pieces to Zin
113589 | Coc:4    | Donated 627 gold pieces to Zin
114371 | Coc:7    | Entered Level 7 of Cocytus
114557 | Coc:7    | HP: 1/159 [quicksilver dragon simulacrum (11)]
114557 | Coc:7    | Slain by a quicksilver dragon simulacrum

Illustrated notes

Levels and vault maps discovered:
D:1:      dpeg_arrival_shrine, layout_loops_cross
D:2:      layout_basic
D:3:      layout_rooms, serial_shops, shop, shop,
          nicolae_shop_pleasant_corner_grove, shop, uniq_crazy_yiuf_cottage
D:4:      layout_loops_cross, fedhas_altar_1, lemuel_temple_firewalk_a,
          serial_shops, nicolae_shop_stone
D:5:      layout_basic, uniq_duvessa
D:6:      nicolae_cairo_tiling_very_big, layout_basic, tgw_sif,
          mainiacjoe_overflow_chevrons, lemuel_doored_altar, minitemple,
          uniq_sigmund
D:7:      layout_cave_pools, nemelex_xobeh_ov_fountains_minmay,
          nicolae_ru_path_of_blood, enter_bailey_2, st_stairs_8,
          nicolae_hexahallways, uniq_menkaure
D:8:      layout_basic, mainiacjoe_overflow_24_doors, serial_shops, shop,
          uniq_prince_ribbit1, uniq_psyche, uniq_maggie
D:9:      layout_stronghold, mainiacjoe_overflow_concentric_impassable,
          gammafunk_temple_overflow_claw, uniq_grum
D:10:     layout_irregular_city, orc_0_dummy, serial_shops,
          nicolae_shop_bloodbath_and_beyond
D:11:     layout_irregular_city, erik_lair_island, minmay_stone_trees_medium,
          zin_scriptorium
D:12:     minmay_bad_star, layout_grid_maze, minmay_misc_feat_four_crosses,
          grunt_qazlal_clouds
D:13:     layout_basic, grunt_vaults_entry_tiered, enter_trove_5,
          hangedman_feature_mirror
D:14:     layout_irregular_city, minivault_27, serial_shops,
          nicolae_shop_crystal, dreamdust_princess_bridge, nicolae_titane
D:15:     grunt_enter_depths_magical_seal, layout_loops_ring,
          eat_drink_and_be_merry_uskayaw
Lair:1:   layout_gridlike, gammafunk_ghost_wrathful_warriors, special_room
          [special_room_bee], uniq_fannar, uniq_amaemon, uniq_gastronok
Lair:2:   layout_loops_ring, nicolae_spider_entry_lesser_pyramids,
          gammafunk_ghost_grave, chequers_serial_rivers_small_a,
          serial_bayou_shore_a, serial_bayou_shore_b
Lair:3:   layout_cave_pods, minmay_swamp_entry_reptiles, grunt_megastairs_3
Lair:4:   layout_regular_city
Lair:5:   evil_forest, layout_hall_layers, minmay_slime_entry_oklob_open,
          portal_ice_cave_entry_pillars_2, lemuel_fruit_tree,
          lemuel_fruit_fields, uniq_kirke
Swamp:1:  layout_basic_swamp, nicolae_swamp_ascending_descending_big,
          swamp_pool2, nicolae_swamp_bloodsuckers_inc
Swamp:2:  layout_falls_marsh, nicolae_swamp_round_clearing, swamp_pool3,
          infiniplex_staircase_pool_2
Swamp:3:  layout_basic_swamp, nicolae_swamp_tree_designs, swamp_pool1
Swamp:4:  swamp, layout_basic_swamp, uniq_donald
Spider:1: layout_cave_pods, drop_trap
Spider:2: layout_spider_delve, gammafunk_ghost_berserking_beasts,
          nicolae_spider_undead_wolf_pack
Spider:3: layout_chambers
Spider:4: grunt_spider_rune_parallel
Slime:1:  layout_caves
Slime:2:  layout_caves, cheibrodos_slime_lost_civilization_4
Slime:3:  layout_caves
Slime:4:  layout_caves, nicolae_slime_rock_hall_of_fame
Slime:5
Orc:1:    layout_caves
Orc:2:    st_orc_ogre_mass, layout_caves, gauntlet_entry_generic, uniq_maurice
Elf:1:    eino_elf_arrival_sip, layout_loops_ring, orc_legates,
          minmay_shoptagon, lemuel_upstairs_altar
Elf:2:    nicolae_elf_blades_crystal_corner, layout_loops_corners, serial_shops,
          shop_fountains
Elf:3:    minmay_elf_hall_circle, layout_geoelf_castle, serial_shops, shop,
          gammafunk_ghost_split, hangedman_elf_simple_split, uniq_nikola
Vaults:1: vaults_dpeg_encased_lava, dpeg_vaults_pockets_of_resistance,
          nicolae_vaults_stairing_the_circle, nicolae_vaults_gold_heap,
          v_rooms_5, v_misc_3, v_misc_14,
          nicolae_vaults_taking_the_gang_shopping, ontoclasm_vaults_shuriken,
          nicolae_vaults_border_crossing, nicolae_vaults_little_squares_5,
          layout_vaults_ring, serial_shops, shop
Vaults:2: nicolae_vaults_apartment_1, nicolae_vaults_little_squares_1,
          vaults_room_semicircle, v_misc_11, nicolae_vaults_trapezoid_4,
          nicolae_vaults_you_can_take_it_with_you,
          nicolae_vaults_yaktaur_gun_rack, v_misc_18, nicolae_vaults_asterisk,
          nicolae_vaults_double_plus_2, nicolae_vaults_tetromino_T_2,
          layout_vaults_chaotic_city
Vaults:3: v_rooms_1, nicolae_vaults_storage_room_doors, ontoclasm_vaults_hangar,
          ontoclasm_vaults_eye, nicolae_vaults_meiosis, v_misc_9,
          nicolae_vaults_sealed_display, nicolae_vaults_alarming,
          layout_vaults_quadrants, minmay_crypt_entry_simple_round, uniq_jory
Vaults:4: mu_enter_wizlab_4, nicolae_vaults_stepped_doors, vaults_room_pools,
          v_pattern_2, nicolae_vaults_swerve, vaults_room_pools,
          nicolae_vaults_surprise_closet, nicolae_vaults_little_squares_1,
          ontoclasm_vaults_fault, vaults_mumra_hex, v_misc_16,
          nicolae_vaults_house_3, ontoclasm_vaults_pinch, v_alt_pattern_2,
          vaults_standard_mumra_x, layout_vaults_omnibox, serial_glass,
          uniq_zenata
Vaults:5: uniq_saint_roka
Crypt:1:  cheibrodos_crypt_3hun_7po, layout_misc_corridors, basic_altar
Depths:1: layout_long_grid, enter_ziggurat_c, hell_entry,
          hellmonk_ghost_happy_afterlife, nicolae_sextant,
          nicolae_inconvenience_store, eino_tiny_chamber,
          chequers_serial_rivers_large_b, st_stairs_6, minmay_acid_items
Depths:2: kennysheep_big_flooded_room, layout_cave_shapes, hex_medium,
          nicolae_hell_entry_hellmouth_sunbeams, grunt_pan_entry_sceptre,
          abyss_entry, minmay_misc_feat_nine_boxes, uniq_bai_suzhen,
          uniq_enchantress, uniq_asterion
Depths:3: minmay_the_grid_square_5x5_5x5
          [minmay_the_grid_square_5x5_checkered_sparse,
          minmay_the_grid_square_5x5_minimal,
          minmay_the_grid_square_5x5_trominoes, minmay_the_grid_square_5x5_tie,
          minmay_the_grid_square_5x5_three_walls,
          minmay_the_grid_square_5x5_doubleslash,
          minmay_the_grid_square_5x5_prize_deathbox,
          minmay_the_grid_square_5x5_two_small,
          minmay_the_grid_square_5x5_prize_itemx,
          minmay_the_grid_square_5x5_n_small,
          minmay_the_grid_square_5x5_broken_cross,
          minmay_the_grid_square_5x5_three,
          minmay_the_grid_square_5x5_prize_rear_guard,
          minmay_the_grid_square_5x5_comb, minmay_the_grid_square_5x5_shuriken,
          minmay_the_grid_square_5x5_pentomino_r,
          minmay_the_grid_square_5x5_prize_gold,
          minmay_the_grid_square_5x5_mess,
          minmay_the_grid_square_5x5_prize_monsterx,
          minmay_the_grid_square_5x5_six, minmay_the_grid_square_5x5_two,
          minmay_the_grid_square_5x5_v, minmay_the_grid_square_5x5_detours,
          minmay_the_grid_square_5x5_shrine2, minmay_the_grid_square_5x5_plus],
          layout_gridville, abyss_entry, rand_demon_pan_entry_4,
          serial_bayou_pond_b, hangedman_geh_valley, patterned_corridor,
          uniq_grunn
Depths:4: evilmike_zot_entry_diamond, layout_gridlike, hell_entry,
          grunt_pan_entry_in_and_out, serial_shops, shop, guppyfry_shop_blood
Hell
Coc:1:    layout_cocytus_water_paths
Coc:2:    layout_cocytus_delve
Coc:3:    layout_ice_bergs
Coc:4:    layout_ice_bergs
Coc:5:    layout_cocytus_delve
Coc:6:    layout_cocytus_water_paths, serial_ice
Coc:7:    coc_grunt
Zot:1:    infiniplex_zot_generator, layout_misc_corridors,
          ebering_ghost_disaster_area
Zot:2:    layout_gridlike, grunt_ministairs_6
Zot:3:    layout_onion_interference
Zot:4:    layout_twisted_circle, st_small_dragon_hoard_5, uniq_josephina

Skill      XL: |  1  2  3  4  5  6  7  8  9 10 11 12 13 14 15 16 17 18 19 20 21 22 23 24 25 26 27 |
---------------+----------------------------------------------------------------------------------+-----
Stealth        | 1 2 3 4 5 6 10 11 15 18 20 23 27 | 27.0
Short Blades   | 4 5 6 8 9 10 11 | 11.6
Dodging        | 5 6 7 8 9 10 12 14 15 16 19 21 22 24 25 27 | 27.0
Evocations     | 1 4 5 7 10 13 15 17 19 20 | 20.0
Fighting       | 3 5 7 8 10 11 12 14 15 16 17 18 19 20 21 | 21.0
Long Blades    | 1 5 7 9 11 12 13 14 15 16 17 19 | 19.0
Throwing       | 1 5 9 11 12 | 12.1
Armour         | 6 9 10 11 13 14 15 16 17 18 | 18.8
Translocations | 13 | 13.5
Spellcasting   | 14 | 14.0
Invocations    | 18 | 18.5
Transmutations | 5 |  5.6
Summonings     | 8 |  8.1
Air Magic      | 4 |  4.6
Earth Magic    | 3 |  3.4

Action                     |  1- 3 |  4- 6 |  7- 9 | 10-12 | 13-15 | 16-18 | 19-21 | 22-24 | 25-27 || total
---------------------------+-------+-------+-------+-------+-------+-------+-------+-------+-------++-------
  Melee: Short sword       |   104 |   136 |   494 |   660 |       |  1359 |    99 |       |       ||  2852
         Dagger            |     1 |       |       |       |       |       |       |       |       ||     1
         Punch             |       |     1 |       |       |       |       |       |       |     1 ||     2
         Long sword        |       |       |       |   158 |   597 |       |       |       |       ||   755
         Falchion          |       |       |       |    99 |       |       |       |       |       ||    99
         Rapier            |       |       |       |       |   795 |   444 |       |       |       ||  1239
         Quick blade       |       |       |       |       |       |    18 |       |       |       ||    18
         Double sword      |       |       |       |       |       |       |  1556 |  1608 |  5702 ||  8866
         Cutlass           |       |       |       |       |       |       |       |       |     8 ||     8
   Fire: Sling             |    22 |    44 |       |       |       |       |       |       |       ||    66
  Throw: Dart              |       |       |    51 |    79 |       |       |       |       |     3 ||   133
         Throwing net      |       |       |     1 |     2 |       |     1 |       |       |       ||     4
         Boomerang         |       |       |       |     2 |    25 |    35 |    84 |    38 |    98 ||   282
   Cast: Vhi's Electric Ch |       |       |       |       |       |       |       |       |    21 ||    21
         Lesser Beckoning  |       |       |       |       |       |       |       |       |    14 ||    14
         Manifold Assault  |       |       |       |       |       |       |       |       |     6 ||     6
         Summon Forest     |       |       |       |       |       |       |       |       |     1 ||     1
 Invoke: Berserk           |     5 |     3 |    10 |    19 |    16 |    17 |    18 |    14 |    21 ||   123
         Trog's Hand       |       |     1 |     4 |     3 |     4 |     2 |    10 |    11 |     7 ||    42
         Brothers in Arms  |       |       |     1 |     4 |     4 |     7 |     7 |     5 |     6 ||    34
         Vitalisation      |       |       |       |       |       |       |       |       |    71 ||    71
         Recite            |       |       |       |       |       |       |       |       |    40 ||    40
         Sanctuary         |       |       |       |       |       |       |       |       |    11 ||    11
         Imprison          |       |       |       |       |       |       |       |       |    10 ||    10
         Donate Gold       |       |       |       |       |       |       |       |       |     3 ||     3
Ability: Evoke Blink       |       |       |       |       |       |       |       |     3 |     1 ||     4
  Evoke: Wand              |       |     1 |    21 |    19 |    15 |    16 |    31 |    22 |    26 ||   151
         Phantom mirror    |       |       |       |       |     5 |     3 |     2 |     1 |     6 ||    17
         Box of beasts     |       |       |       |       |     1 |     4 |     4 |     3 |     2 ||    14
         Piece from Xom's  |       |       |       |       |       |    10 |     3 |     3 |       ||    16
         Phial of floods   |       |       |       |       |       |     1 |     4 |     2 |       ||     7
         Lightning rod     |       |       |       |       |       |       |    16 |     9 |    11 ||    36
    Use: Scroll            |       |       |    13 |     9 |     8 |    15 |    11 |     9 |    44 ||   109
         Potion            |       |       |     1 |     1 |     2 |     4 |     7 |    10 |    23 ||    48
   Stab: Sleeping          |     8 |     3 |     8 |     6 |    47 |    51 |    22 |    29 |    69 ||   243
         Distracted        |     1 |       |       |     5 |    23 |    19 |    32 |    18 |   121 ||   219
         Held in net/web   |       |       |     1 |     1 |       |       |       |       |       ||     2
         Invisible         |       |       |     1 |     1 |     1 |     1 |     2 |     2 |       ||     8
         Paralysed         |       |       |       |     1 |     9 |       |     2 |     2 |       ||    14
         Petrified         |       |       |       |       |     1 |       |       |       |       ||     1
         Confused          |       |       |       |       |       |       |       |       |    34 ||    34
 Armour: Animal skin       |     4 |     9 |     5 |     5 |       |       |       |       |       ||    23
         Steam dragon scal |       |       |       |    34 |       |       |       |       |       ||    34
         Troll leather arm |       |       |       |     7 |    95 |    42 |       |       |       ||   144
         Storm dragon scal |       |       |       |       |       |     3 |       |       |       ||     3
         Swamp dragon scal |       |       |       |       |       |    30 |       |       |       ||    30
         Shadow dragon sca |       |       |       |       |       |   223 |   392 |   401 |  1102 ||  2118
  Dodge: Dodged            |    44 |    85 |   244 |   633 |  1626 |  1710 |  1443 |  1894 |  6933 || 14612
  Block: Other             |       |       |       |       |       |       |       |       |   949 ||   949
         Reflection        |       |       |       |       |       |       |       |       |     7 ||     7
